Map: Lost and Found LE

Players

ShoWTimE

  • Race: Protoss Protoss
  • Spawn Location: 7:00

Lambo - Winner!

  • Race: Zerg Zerg
  • Spawn Location: 1:00

Event: WCS Montreal 2018

VOD

Have the link to the VOD?

Description

Time

  • Played on: Sept. 9, 2018, 10:41 a.m.
  • Length: 8:45

All games in this series

Show
View Real Time Build Order
Export as new Build Order

ShoWTimE Protoss 

Build Orders: 1 Gate Expand, Oracle Opening, Zealot Archon, Archon Drop 

Get SALT Encoding   

  12  0:01  Probe  
  13  0:13  Probe  
  14  0:18  Pylon  
  14  0:25  Probe  
  15  0:33  Probe  
  15  0:40  Gateway  
  15  0:41  Probe  
  16  0:47  Assimilator  
  17  0:52  Probe  
  18  1:04  Probe  
  19  1:16  Probe  
  20  1:24  Nexus  
  20  1:35  Cybernetics Core  
  20  1:37  Probe  
  21  1:42  Assimilator  
  21  1:49  Probe  
  21  1:52  Pylon  
  23  2:01  Probe  
  23  2:02  Adept  
  23  2:13  Probe  
  26  2:16  Stargate  
  26  2:23  Warp Gate  
  26  2:25  Probe  
  27  2:31  Stalker  
  27  2:32  Probe  
  30  2:37  Probe  
  30  2:40  Probe  
  31  2:49  Probe  
  31  2:50  Oracle  
  31  2:51  Probe  
  34  3:01  Probe  
  38  3:06  Probe  
  39  3:13  Pylon  
  39  3:14  Probe  
  39  3:17  Oracle  
  39  3:18  Probe  
  41  3:23  Gateway  
  41  3:26  Probe  
  42  3:29  Assimilator  
  42  3:30  Probe  
  42  3:33  Assimilator  
  46  3:38  Probe  
  47  3:43  Probe  
  47  3:47  Robotics Facility  
  48  3:50  Probe  
  48  3:55  Probe  
  50  3:56  Pylon  
  50  4:02  Probe  
  51  4:05  Twilight Council  
  51  4:07  Probe  
  52  4:15  Gateway x2  
  52  4:21  Charge  
  52  4:24  Warp Prism  
  52  4:30  Gateway x2  
  54  4:39  Probe x2  
  54  4:45  Templar Archives  
  56  4:50  Zealot x2  
  60  4:59  Probe  
  61  5:00  Pylon  
  61  5:13  Pylon  
  61  5:15  Nexus  
  61  5:24  High Templar x2, Pylon  
  61  5:25  High Templar x2  
  69  5:28  Archon  
  69  5:29  Archon  
  69  5:31  Observer  
  69  5:32  Zealot x2  
  74  5:36  Pylon  
  74  5:44  Pylon  
  74  5:54  Zealot x2  
  78  5:57  Zealot x4  
  78  6:01  Pylon  
  86  6:04  Probe x2  
  88  6:14  Pylon  
  88  6:21  Zealot x4  
  88  6:24  Zealot x2  
  100  6:31  Probe x3  
  101  6:46  Zealot x6  
  101  6:48  Immortal, Probe  
  101  6:52  Probe  
  94  6:54  Probe  
  80  7:08  Sentry x3  
  78  7:09  Sentry, Probe  
  78  7:10  Probe x2  
  78  7:13  Sentry  
  78  7:14  Sentry  
  87  7:16  Immortal  
  87  7:22  Shield Battery  
  88  7:30  Probe x2  
  88  7:31  Probe  
  88  7:33  Zealot x3  
  88  7:35  Sentry  
  99  7:42  Shield Battery, Probe  
  99  7:43  Probe  
  101  7:44  Shield Battery  
  101  7:46  Zealot x2  
  101  7:50  Pylon  
  105  7:55  Pylon  
  105  8:00  Immortal  
  105  8:03  Shield Battery  
  105  8:05  Shield Battery  
  109  8:06  Pylon  
  109  8:09  Sentry x2  
  101  8:16  Zealot x2  
  77  8:28  Zealot x2  
  77  8:33  Zealot x2  
  83  8:38  Zealot x2  
Show
View Real Time Build Order
Export as new Build Order

Lambo Zerg - Winner!

Build Orders: Hatch First 

Get SALT Encoding   

  12  0:00  Drone  
  13  0:12  Overlord  
  13  0:17  Drone  
  14  0:30  Drone x2  
  16  0:48  Hatchery  
  15  0:51  Drone  
  15  0:54  Drone  
  17  0:57  Drone  
  18  1:08  Extractor  
  17  1:13  Spawning Pool  
  17  1:16  Drone  
  17  1:19  Drone  
  18  1:27  Drone  
  19  1:40  Drone  
  20  1:50  Overlord  
  20  2:00  Queen x2  
  20  2:01  Zergling x4  
  26  2:10  Drone  
  26  2:11  Drone  
  28  2:25  Drone x2  
  28  2:27  Metabolic Boost  
  30  2:33  Hatchery  
  29  2:38  Drone  
  29  2:41  Drone  
  29  2:43  Drone  
  32  2:45  Overlord  
  32  2:53  Queen  
  32  2:56  Drone  
  35  3:00  Drone  
  37  3:05  Drone x2  
  37  3:09  Drone x2, Overlord  
  40  3:13  Drone  
  40  3:16  Drone  
  40  3:17  Overlord  
  40  3:19  Drone  
  43  3:23  Drone  
  44  3:29  Drone x2  
  44  3:30  Queen  
  48  3:37  Spore Crawler  
  48  3:38  Spore Crawler  
  48  3:40  Drone  
  47  3:44  Drone x2  
  49  3:48  Drone x2  
  49  3:52  Spore Crawler  
  49  3:53  Queen  
  52  3:56  Drone x2  
  52  4:00  Overlord  
  52  4:01  Drone x2  
  55  4:05  Drone  
  55  4:07  Drone  
  55  4:08  Drone  
  58  4:15  Overlord  
  58  4:16  Lair  
  58  4:21  Drone x2  
  58  4:23  Roach Warren  
  59  4:25  Drone x2  
  59  4:27  Drone x2  
  63  4:31  Extractor  
  63  4:32  Drone x2  
  63  4:34  Extractor  
  63  4:35  Drone x2  
  65  4:40  Drone x2  
  65  4:42  Drone x2  
  65  4:44  Drone x3  
  72  4:48  Drone x2  
  72  4:51  Drone  
  74  4:58  Evolution Chamber  
  74  4:59  Overlord  
  72  5:00  Overlord  
  72  5:03  Extractor x2  
  72  5:04  Overlord  
  70  5:10  Overlord  
  70  5:12  Roach  
  72  5:14  Glial Reconstitution  
  72  5:15  Overlord  
  72  5:18  Roach x6  
  84  5:23  Roach x2  
  84  5:24  Zerg Missile Weapons Level 1  
  84  5:26  Roach  
  84  5:27  Zergling x2  
  91  5:30  Overlord  
  91  5:32  Roach  
  91  5:34  Drone  
  94  5:37  Roach x2  
  94  5:39  Overlord  
  94  5:42  Hydralisk Den  
  97  5:43  Zergling x2  
  97  5:44  Roach  
  97  5:46  Overlord  
  97  5:49  Roach  
  102  5:51  Roach x2  
  102  5:54  Overlord  
  105  6:06  Hatchery  
  104  6:17  Hydralisk x5, Grooved Spines  
  114  6:21  Roach x3  
  114  6:24  Roach  
  122  6:29  Roach x3  
  128  6:33  Roach x2  
  128  6:34  Roach x2  
  128  6:37  Roach  
  136  6:44  Roach  
  132  6:47  Roach  
  132  6:48  Roach  
  132  6:54  Roach x2  
  134  6:56  Hydralisk x2  
  134  6:59  Hydralisk  
  136  7:07  Overlord  
  136  7:08  Overlord  
  136  7:09  Overlord  
  136  7:14  Overlord  
  136  7:19  Overlord  
  136  7:25  Hydralisk  
  136  7:28  Roach x5  
  144  7:33  Roach  
  144  7:34  Roach x2  
  144  7:35  Ravager  
  144  7:36  Roach x6  
  161  7:38  Roach  
  161  7:40  Ravager  
  161  7:41  Zergling x4  
  166  7:47  Roach  
  165  7:51  Zergling x2, Roach  
  165  7:53  Ravager  
  165  7:58  Roach  
  170  8:00  Zergling x4, Roach  
  170  8:03  Zergling x14  
  178  8:09  Zergling x2  
  168  8:14  Zergling x2, Roach  
  168  8:17  Roach  
  157  8:22  Roach  
  157  8:25  Roach  
Tags
 
Add a new tag
Caveats
  • Supply blocks, unpowered buildings, or Contaminate may cause inaccurate times.
  • Supply counts are checked every 10 seconds.